 Dungeon Crawl Stone Soup version 0.28.0-1-gb440e238dd (webtiles) character file.

Game seed: 32624364113299569

6568 pkoi the Zephyrmancer (level 10, -2/69 HPs)
             Began as a Red Draconian Air Elementalist on Feb 25, 2022.
             Was an Initiate of Sif Muna.
             Slain by a tengu warrior (6 damage)
             ... on level 9 of the Dungeon.
             The game lasted 00:21:37 (20715 turns).

pkoi the Zephyrmancer (DrAE)                       Turns: 20715, Time: 00:21:37

Health: -2/69      AC:  9    Str: 11    XL:     10   Next: 70%
Magic:  4/22       EV: 16    Int: 20    God:    Sif Muna [......]
Gold:   493        SH:  0    Dex: 17    Spells: 17/25 levels left

rFire   + . .      SeeInvis .   w - +6 trident (vorpal)
rCold   . . .      Faith    .   (no shield)
rNeg    . . .      Spirit   .   (armour unavailable)
rPois   .          Reflect  .   (helmet restricted)
rElec   .          Harm     .   e - +1 cloak
rCorr   .          Rampage  .   (no gloves)
Will    .....                   (no boots)
Stlth   ++........              (no amulet)
HPRegen 0.21/turn               c - +6 ring of dexterity
MPRegen 0.18/turn               g - +4 ring of evasion

@: short of breath
A: breathe fire, AC +7, unfitting armour, fire resistance 1, cold-blooded
a: Breathe Fire, Renounce Religion


You were on level 9 of the Dungeon.
You worshipped Sif Muna.
Sif Muna was noncommittal.
You visited 2 branches of the dungeon, and saw 10 of its levels.

You collected 493 gold pieces.

Inventory:

Hand Weapons
 h - a +2 whip of holy wrath
 n - a +3 hand axe
 w - a +6 vorpal trident (weapon)
Missiles
 o - 2 throwing nets
Armour
 e - a +1 cloak (worn)
Magical Staves
 q - a staff of poison
Jewellery
 c - a +6 ring of dexterity (left hand)
 d - a +6 ring of intelligence
 g - a +4 ring of evasion (right hand)
 t - a ring of fire
Wands
 j - a wand of flame (17)
 k - a wand of polymorph (25)
 p - a wand of acid (18)
 v - a wand of charming (13)
 A - a wand of digging (4)
Scrolls
 a - 2 scrolls of blinking
 i - 6 scrolls of teleportation
 s - 4 scrolls of magic mapping
 x - 2 scrolls of amnesia
 C - a scroll of fog
Potions
 b - 3 potions of curing
 f - a potion of heal wounds {unknown}
 l - a potion of berserk rage
 m - 2 potions of flight
 B - 2 potions of brilliance


   Skills:
 - Level 1.7 Dodging
 - Level 1.7 Stealth
 + Level 8.1 Spellcasting
 - Level 2.0 Conjurations
 + Level 14.0 Air Magic


You had 17 spell levels left.
You knew the following spells:

 Your Spells              Type           Power      Damage    Failure   Level
a - Shock                 Conj/Air       100%       1d9       1%          1
b - Swiftness             Air            59%        N/A       1%          3
c - Airstrike             Air            29%        N/A       1%          4

Your spell library contained the following spells:

 Spells                   Type           Power      Damage    Failure   Level
 Static Discharge         Conj/Air       40%        N/A       1%          2
 Frozen Ramparts          Ice            16%        1d3       26%         3
 Gell's Gravitas          Tloc           8%         N/A       26%         3
 Teleport Other           Tloc           8%         N/A       26%         3
 Conjure Ball Lightning   Conj/Air       20%        3x3d6     43%         6
 Ice Form                 Ice/Tmut       8%         N/A       63%         4
 Olgreb's Toxic Radiance  Pois           8%         N/A       63%         4
 Summon Ice Beast         Ice/Summ       8%         N/A       63%         4
 Dispersal                Tloc           4%         N/A       100%        6
 Ozocubu's Refrigeration  Ice            4%         4d5       100%        7
 Discord                  Hex            4%         N/A       100%        8
 Disjunction              Tloc           4%         N/A       100%        8
 Ignition                 Fire           4%         3d4       100%        8


Dungeon Overview and Level Annotations

Branches:
Dungeon (9/15)             Temple (1/1) D:5
   Lair: D:8-11         Orc: D:9-12

Altars:
Ashenzari
Cheibriados
Dithmenos
Elyvilon
Fedhas
Gozag
Hepliaklqana
Kikubaaqudgha
Makhleb
Nemelex Xobeh
Okawaru
Qazlal
Ru
Sif Muna
Trog
Uskayaw
Vehumet
Wu Jian
Xom
Yredelemnul
Zin
The Shining One

Shops:
D:9 [


Innate Abilities, Weirdness & Mutations

You can breathe blasts of fire.
Your fiery red scales are hard. (AC +7)
You cannot fit into any form of body armour.
Your flesh is heat resistant. (rF+)
You are cold-blooded and may be slowed by cold attacks.


Message History

The tengu warrior misses you. The tengu warrior claws you.
* * * LOW HITPOINT WARNING * * *
Aiming: Airstrike (safe; 1% risk of failure)
Press: ? - help, Q - select action, (/) - cycle Dir - move target, f/p - tengu warrior
Aim: a tengu warrior, wielding a +5 vampiric hand axe, wearing a +0 ring mail and wearing a +0 kite shield (lightly wounded, empty space bonus: 4/8)
The air twists around and strikes the tengu warrior!
The tengu warrior is moderately wounded.
The tengu warrior barely misses you.
The tengu warrior completely misses you.
The tengu warrior claws you but does no damage.
Aiming: Breathe Fire (3% risk of failure)
Press: ? - help, Shift-Dir - straight line, f/p - tengu warrior
Aim: a tengu warrior, wielding a +5 vampiric hand axe, wearing a +0 ring mail and wearing a +0 kite shield (moderately wounded, 48% to hit)
You breathe a blast of fire.
The fiery breath misses the tengu warrior.
The tengu warrior is engulfed in blazing flames.
The tengu warrior hits you with a +5 vampiric hand axe!
* * * LOW HITPOINT WARNING * * *
The tengu warrior draws strength from your wounds!
The tengu warrior pecks you but does no damage.
The tengu warrior claws you but does no damage.
You hit the tengu warrior but do no damage.
You tail-slap the tengu warrior.
The tengu warrior is heavily wounded.
The tengu warrior is engulfed in blazing flames.
The tengu warrior hits you with a +5 vampiric hand axe!
* * * LOW HITPOINT WARNING * * *
The tengu warrior completely misses you.
The tengu warrior misses you.
You hit the tengu warrior.
The tengu warrior is severely wounded.
The tengu warrior is engulfed in blazing flames.
The tengu warrior completely misses you.
The tengu warrior barely misses you. The tengu warrior closely misses you.
The tengu warrior is engulfed in blazing flames.
The tengu warrior hits you with a +5 vampiric hand axe!
* * * LOW HITPOINT WARNING * * *
The tengu warrior draws strength from your wounds!
The tengu warrior closely misses you. The tengu warrior claws you.
You die...

##.....## #.#### ##
##...## #...)#
##'############†# .
#.#........# #.# .
#.#.######.# #.#
..########.#.# #.# #.#
..#..........######.###.#
..+.###.......<.........#
###.# #.#.......@Q..#####
#.#.###.##.##########
........##.# #.#.######.#
..#........# ############


You could see a tengu warrior.

Vanquished Creatures
  A centaur warrior (D:9)
  A two-headed ogre (D:9)
  Prince Ribbit (D:8)
  Grinder (D:5)
  A troll (D:8)
  Sigmund (D:4)
  2 steam dragons
  Grum (D:8)
  A vampire mosquito (D:9)
  Menkaure (D:7)
  A water moccasin (D:6)
  3 orc warriors
  A black bear (D:8)
  2 ogres
  2 centaurs (D:9)
  2 wolves (D:8)
  A phantom (D:4)
  2 kobold brigands
  3 bullfrogs
  2 scorpions (D:5)
  A water moccasin skeleton (D:5)
  19 killer bees
  15 wights
  A centaur zombie (D:8)
  A bullfrog zombie (D:5)
  2 gnoll shamans
  A hound (D:2)
  2 bullfrog skeletons
  4 orc priests
  2 iguanas (D:6)
  9 orc wizards
  9 adders
  14 gnolls
  A howler monkey zombie (D:6)
  An ufetubus (D:6)
  An adder skeleton (D:4)
  8 worms
  3 dart slugs
  27 orcs
  4 bats
  6 endoplasms
  7 giant cockroaches
  16 goblins
  4 hobgoblins
  6 jackals
  29 kobolds
  A quokka (D:2)
  2 ball pythons (D:3)
  3 frilled lizards
  3 rats
232 creatures vanquished.

Vanquished Creatures (others)
  43 plants
43 creatures vanquished.

Grand Total: 275 creatures vanquished

Notes
Turn   | Place    | Note
-------+----------+-------------------------------------------
     0 | D:1      | pkoi the Draconian Air Elementalist began the quest for the
                  | Orb.
     0 | D:1      | Reached XP level 1. HP: 14/14 MP: 3/3
    21 | D:1      | Found a faded altar of an unknown god.
   345 | D:1      | Reached XP level 2. HP: 20/20 MP: 0/5
  1433 | D:2      | Reached skill level 4 in Air Magic
  2091 | D:2      | Reached XP level 3. HP: 26/26 MP: 3/6
  2726 | D:2      | Reached XP level 4. HP: 26/33 MP: 1/7
  2960 | D:2      | Reached skill level 5 in Air Magic
  3337 | D:3      | Learned a level 3 spell: Swiftness
  3497 | D:3      | Found a stormy altar of Qazlal.
  4173 | D:3      | Reached XP level 5. HP: 34/38 MP: 2/8
  4724 | D:4      | Found a blossoming altar of Fedhas.
  4726 | D:4      | Noticed a phantom
  4740 | D:4      | Learned a level 4 spell: Airstrike
  4857 | D:4      | Found a radiant altar of Vehumet.
  5065 | D:4      | Reached skill level 6 in Air Magic
  5120 | D:4      | Noticed Sigmund
  5166 | D:4      | Found a snail-covered altar of Cheibriados.
  5807 | D:4      | Reached XP level 6. HP: 22/45 MP: 5/9
  5993 | D:4      | Reached skill level 7 in Air Magic
  7049 | D:5      | Entered Level 5 of the Dungeon
  7062 | D:5      | Reached skill level 8 in Air Magic
  7062 | D:5      | Your scales start taking on a fiery red colour.
  7062 | D:5      | Reached XP level 7. HP: 46/50 MP: 3/10
  7062 | D:5      | Gained mutation: Your flesh is heat resistant. (rF+) [Red
                  | Draconian growth]
  7327 | D:5      | Found an ornate altar of the Wu Jian Council.
  7346 | D:5      | Noticed Grinder
  7358 | D:5      | Killed Grinder
  7359 | D:5      | Reached skill level 9 in Air Magic
  8215 | D:5      | Found a broken altar of Ashenzari.
  9168 | D:5      | Found a staircase to the Ecumenical Temple.
  9172 | Temple   | Entered the Ecumenical Temple
  9743 | D:6      | Reached XP level 8. HP: 48/56 MP: 5/12
 10115 | D:6      | Reached skill level 10 in Air Magic
 11183 | D:6      | Reached skill level 11 in Air Magic
 11936 | D:6      | Found a sacrificial altar of Ru.
 12450 | D:7      | Noticed Menkaure
 12452 | D:7      | Killed Menkaure
 12554 | D:7      | Reached XP level 9. HP: 50/62 MP: 1/14
 13398 | D:7      | Found an iron altar of Okawaru.
 13402 | D:7      | Found a sparkling altar of Nemelex Xobeh.
 13944 | D:7      | Reached skill level 12 in Air Magic
 14276 | D:8      | Noticed a troll
 14460 | D:8      | Killed a troll
 14653 | D:7      | Reached skill level 5 in Spellcasting
 15657 | D:8      | Noticed Prince Ribbit
 15676 | D:8      | Killed Prince Ribbit
 16406 | D:8      | Found a shadowy altar of Dithmenos.
 16883 | D:8      | Noticed Grum
 17035 | D:8      | Reached skill level 13 in Air Magic
 17035 | D:8      | Reached XP level 10. HP: 69/69 MP: 10/19
 17221 | D:8      | Killed Grum
 17607 | D:4      | Killed Sigmund
 18277 | D:9      | Found a white marble altar of Elyvilon.
 18481 | D:9      | Found Daoqa's Antique Armour Shoppe.
 19024 | D:9      | Noticed a two-headed ogre
 19042 | D:9      | Killed a two-headed ogre
 19786 | D:9      | Noticed a cyan ugly thing
 19786 | D:9      | Noticed a cyan ugly thing
 20333 | D:9      | Found a hazy altar of Hepliaklqana.
 20583 | D:9      | Found a shimmering blue altar of Sif Muna.
 20589 | D:9      | Became a worshipper of Sif Muna the Loreminder
 20682 | D:9      | Noticed a centaur warrior
 20682 | D:9      | Noticed a tengu warrior
 20700 | D:9      | Killed a centaur warrior
 20701 | D:9      | Reached skill level 14 in Air Magic
 20715 | D:9      | Slain by a tengu warrior

Illustrated notes

Levels and vault maps discovered:
D:1:      roderic_crop_circles_arrival_small, layout_basic,
          hellmonk_ecumenical_altar_arch_garden
D:2:      layout_loops_cross, serial_forest, infiniplex_forest_straight_1,
          infiniplex_forest_straight_2, infiniplex_forest_clump_diagonal,
          infiniplex_forest_clump_long, infiniplex_forest_side_room,
          infiniplex_forest_end_2, infiniplex_forest_3_way,
          infiniplex_forest_lined_2
D:3:      layout_basic, old_standard_altar
D:4:      kennysheep_kobold_camp, layout_gridville, lemuel_tele_altar,
          vehumet_altar_wand_db, nicolae_overflow_crystal_walls,
          glass_columns_a, minmay_ogre_servants, uniq_sigmund
D:5:      layout_basic, ashenzari_altar_1, nicolae_wu_jian_wuxing_cycle,
          temple_hall_moat, kennysheep_nub, st_stairs_7, nicolae_wormholes,
          uniq_grinder
D:6:      layout_rooms, nicolae_ru_great_annihilating_truth, grunt_ministairs_9,
          kennysheep_generic_room_3
D:7:      layout_cave_pods, nicolae_overflow_hidden_temple, uniq_menkaure
D:8:      layout_basic, lemuel_crystal_altar, uniq_prince_ribbit1, uniq_grum
D:9:      minmay_shrinking_squares, layout_loops_corners,
          mainiacjoe_overflow_alcove_2, elyvilon_altar_4, led_sif_pool,
          serial_shops, nicolae_shop_advertising_works
          [nicolae_subvault_shop_adworks], kennysheep_generic_room_13
Temple:   compressed_dpeg_triangle_lava_temple

Skill      XL: |  1  2  3  4  5  6  7  8  9 10 |
---------------+-------------------------------+-----
Air Magic      | 4 5 6 8 9 11 13 14 | 14.0
Conjurations   | 2 |  2.0
Spellcasting   | 3 6 8 |  8.1
Dodging        | |  1.7
Stealth        | |  1.7

Action                   |  1- 3 |  4- 6 |  7- 9 | 10-12 || total
-------------------------+-------+-------+-------+-------++-------
Melee: Unarmed           |    18 |       |       |       ||    18
       Tailslap          |     5 |     9 |     5 |    18 ||    37
       Club              |    21 |    15 |       |       ||    36
       Punch             |       |     3 |     1 |     2 ||     6
       Whip              |       |    53 |    27 |       ||    80
       Trident           |       |       |    45 |    87 ||   132
 Cast: Shock             |    65 |   131 |    17 |       ||   213
       Airstrike         |       |     1 |   117 |    37 ||   155
 Abil: Breathe Fire      |       |       |    15 |     8 ||    23
  Use: Scroll            |     1 |     4 |     3 |    10 ||    18
 Stab: Sleeping          |       |     1 |       |       ||     1
Armor: Skin              |    28 |    29 |    32 |    31 ||   120
Dodge: Dodged            |    43 |    60 |    77 |    78 ||   258
